 Dungeon Crawl Stone Soup version 0.20-b1 (webtiles) character file.

121 MTVSty1e the Skirmisher (level 4, 0/35 HPs)
             Began as a Demonspawn Gladiator on May 18, 2017.
             Slain by a gnoll
             ... wielding a +0 spear
              (4 damage)
             ... on level 2 of the Dungeon.
             The game lasted 00:03:14 (1742 turns).

MTVSty1e the Skirmisher (Demonspawn Gladiator)      Turns: 1742, Time: 00:03:15

Health: 0/35       AC:  9    Str: 16    XL:     4   Next: 77%
Magic:  4/4        EV:  8    Int:  9    God:
Gold:   82         SH:  4    Dex: 14    Spells: 3/3 levels left

rFire    . . .     SeeInvis .   a - +0 trident
rCold    . . .     Gourm    .   (no shield)
rNeg     + . .     Faith    .   g - +0 chain mail
rPois    .         Spirit   .   c - +0 helmet
rElec    .         Reflect  .   (no cloak)
rCorr    .         Harm     .   (no gloves)
MR       .....                  (no boots)
Stlth    ..........             (no amulet)
Regen    0.2/turn               l - ring of positive energy
MPRegen  0.1/turn               (no ring)

@: no status effects
A: hooves 1, large bone plates 1
a: no special abilities


You were on level 2 of the Dungeon.
You were not hungry.

You visited 1 branch of the dungeon, and saw 2 of its levels.

You collected 82 gold pieces.

Inventory:

Hand Weapons
 a - a +0 trident (weapon)
Missiles
 d - 3 throwing nets (quivered)
Armour
 b - a +0 leather armour
 c - a +0 helmet (worn)
 g - a +0 chain mail (worn)
Jewellery
 l - a ring of positive energy (left hand)
Scrolls
 e - a scroll of fear {unknown}
 h - a scroll of recharging {unknown}
 k - a scroll of remove curse {unknown}
 m - 3 scrolls of teleportation {unknown}
 n - 2 scrolls of magic mapping {unknown}
Potions
 i - a potion of might {unknown}
 j - a potion of curing {unknown}
Comestibles
 f - 3 bread rations


   Skills:
 * Level 3.4 Fighting
 + Level 3.2 Polearms
 - Level 1.7 Throwing
 + Level 1.7 Armour
 + Level 3.2 Dodging


You had 3 spell levels left.
You didn't know any spells.

Dungeon Overview and Level Annotations

Branches:
Dungeon (2/15)

Altars:
Cheibriados
Nemelex Xobeh
Qazlal


Innate Abilities, Weirdness & Mutations

You have large cloven feet.
You are partially covered in large bone plates. (SH +4)


Message History

You barely miss the gnoll. Your kick misses the gnoll.
The gnoll is severely wounded.
The gnoll hits you with a halberd.
* * * LOW HITPOINT WARNING * * *
The gnoll hits you but does no damage.
You puncture the gnoll!
You kill the gnoll!
The gnoll barely misses you.
A hobgoblin comes into view.
The gnoll hits you with a spear.
* * * LOW HITPOINT WARNING * * *
You see here a halberd.
The hobgoblin shouts!
You hit the gnoll. You kick the gnoll, but do no damage.
The gnoll is lightly wounded.
The gnoll hits you but does no damage.
You closely miss the gnoll.
The gnoll is lightly wounded.
The gnoll barely misses you. The gnoll hits you with a spear.
You die...

## #......#.#.##...........#
#......'...##...........#
#......#.#.##...........#
#'#.....................#
#.#.####.#...#..........#
#########.#.####.#.#.#...........
........#)#........#.+..........
...>....#'######.#####....
..[...#.........@..)g.....
....>.#.......##g##)....#'
......#.......##'# .....#
....#.#.......#... .....#
....#.#...........#.....#
....#.#.######....#.....#
....#.#.# #....#.....# ....#.#.#
#....#.....# ....# #.# ....+


You could see a gnoll and a hobgoblin.

Vanquished Creatures
  Jessica (D:2)
  Terence (D:2)
  3 gnolls (D:2)
  An adder (D:2)
  A worm (D:2)
  3 leopard geckos
  A giant cockroach (D:1)
  2 goblins (D:1)
  5 hobgoblins
  5 bats
  3 frilled lizards (D:1)
  3 kobolds
  3 rats
32 creatures vanquished.

Vanquished Creatures (others)
  A frilled lizard (D:2)
1 creature vanquished.

Grand Total: 33 creatures vanquished

Notes
Turn   | Place    | Note
-------+----------+-------------------------------------------
     0 | D:1      | MTVSty1e the Demonspawn Gladiator began the quest for the Orb.
     0 | D:1      | Reached XP level 1. HP: 16/16 MP: 1/1
   262 | D:1      | Gained mutation: You have large cloven feet. [demonic ancestry]
   262 | D:1      | Reached XP level 2. HP: 22/23 MP: 2/2
   439 | D:1      | Found a sparkling altar of Nemelex Xobeh.
   901 | D:2      | Noticed Jessica
   914 | D:2      | Killed Jessica
   914 | D:2      | Reached skill level 1 in Armour
   914 | D:2      | Gained mutation: You are partially covered in large bone plates. (SH +4) [demonic ancestry]
   914 | D:2      | Reached XP level 3. HP: 13/29 MP: 3/3
  1051 | D:2      | Noticed Terence
  1071 | D:2      | Killed Terence
  1071 | D:2      | Reached XP level 4. HP: 2/35 MP: 4/4
  1398 | D:2      | Found a stormy altar of Qazlal.
  1419 | D:2      | Found a snail-covered altar of Cheibriados.
  1742 | D:2      | Slain by a gnoll

Skill      XL: |  1  2  3 |
---------------+----------+-----
Fighting       | 3 |  3.4
Armour         | 1 |  1.7
Polearms       | 3 |  3.2
Dodging        | 3 |  3.2
Throwing       | |  1.7

Action                   |  1- 3 |  4- 6 || total
-------------------------+-------+-------++-------
Melee: Trident           |    90 |    42 ||   132
       Kick              |     9 |     5 ||    14
  Eat: Meat ration       |     1 |       ||     1
Armor: Leather armour    |    14 |       ||    14
       Chain mail        |       |    23 ||    23
Dodge: Dodged            |    30 |    17 ||    47
Block: Other             |     2 |     6 ||     8
